 Dungeon Crawl Stone Soup version 0.28-a0-662-g1651b1f1e0 (webtiles) character file.

Game seed: 1806227630394190359

4663 kipponium the Reanimator (level 10, 0/63 HPs)
             Began as a Demonspawn Brigand on Oct 14, 2021.
             Was a Believer of Hepliaklqana.
             Slain by a sixfirhy (5 damage)
             ... summoned by a kobold demonologist
             ... on level 9 of the Dungeon.
             The game lasted 00:46:53 (12909 turns).

kipponium the Reanimator (Demonspawn Brigand)      Turns: 12909, Time: 00:46:54

Health: 0/63       AC:  5    Str: 17    XL:     10   Next: 20%
Magic:  23/23      EV: 12    Int: 16    God:    Hepliaklqana [**....]
Gold:   430        SH:  0    Dex: 15    Spells: 12/15 levels left

rFire   + . .      SeeInvis .   a - +3 dagger
rCold   + + .      Faith    .   (no shield)
rNeg    . . .      Spirit   .   E - +1 leather armour "Apoah" {rElec rC+}
rPois   +          Reflect  .   (no helmet)
rElec   +          Harm     .   c - +0 cloak
rCorr   +          Rampage  .   (no gloves)
Will    .....                   (no boots)
Stlth   ++........              (no amulet)
HPRegen 0.20/turn               l - +6 ring of strength
MPRegen 0.18/turn               m - ring of magical power

@: about to teleport, resistant
A: reduced essence, powered by death 1, sturdy frame 1, demonic magic 3, demonic
touch 1
a: Renounce Religion, Recall Ancestor, Ancestor Identity


You were on level 9 of the Dungeon.
You worshipped Hepliaklqana.
Hepliaklqana was pleased with you.
You visited 2 branches of the dungeon, and saw 10 of its levels.
You also visited: Sewer.

You collected 430 gold pieces.

Inventory:

Hand Weapons
 a - a +3 dagger (weapon)
 p - a +0 dagger of draining
Missiles
 d - 61 poisoned darts (quivered)
 e - a curare-tipped dart
 k - 2 boomerangs of dispersal
 x - 2 throwing nets
Armour
 b - a +0 robe
 c - a +0 cloak (worn)
 j - a scarf of invisibility
 E - the +1 leather armour "Apoah" (worn) {rElec rC+}
   (You found it on level 9 of the Dungeon)

   rC:        It protects you from cold.
   rElec:     It insulates you from electricity.
 G - a +1 ring mail of poison resistance
Magical Staves
 q - a staff of death
Jewellery
 l - a +6 ring of strength (left hand)
 m - a ring of magical power (right hand)
 D - a ring of ice
Wands
 n - a wand of iceblast (13)
 v - a wand of paralysis (7)
Scrolls
 f - 2 scrolls of summoning {unknown}
 h - a scroll of teleportation
 i - a scroll of magic mapping
 r - a scroll of enchant weapon
 t - 2 scrolls of fear {unknown}
 y - a scroll of silence {unknown}
 z - 2 scrolls of enchant armour {unknown}
 A - 2 scrolls of identify {unknown}
 B - a scroll of amnesia
 F - a scroll of vulnerability {unknown}
Potions
 g - 2 potions of resistance
 o - a potion of magic {unknown}
 s - 3 potions of curing {unknown}
 w - 2 potions of lignification {unknown}
 C - a potion of degeneration {unknown}


   Skills:
 + Level 3.5 Fighting
 - Level 10.0 Short Blades
 - Level 1.7 Throwing
 + Level 2.3 Dodging
 - Level 3.6 Stealth
 - Level 3.0 Spellcasting
 - Level 10.0 Necromancy


You had 12 spell levels left.
You knew the following spells:

 Your Spells              Type           Power      Damage    Failure   Level
a - Vampiric Draining     Necr           17%        2d8       1%          3

Your spell library contained the following spells:

 Spells                   Type           Power      Damage    Failure   Level
 Slow                     Hex            2%         N/A       28%         2
 Confusing Touch          Hex            2%         N/A       50%         3


Dungeon Overview and Level Annotations

Branches:
Dungeon (9/15)             Temple (1/1) D:5             Orc (0/2) D:9
  Sewer (visited)
   Lair: D:8-11

Altars:
Ashenzari
Cheibriados
Dithmenos
Fedhas
Gozag
Hepliaklqana
Kikubaaqudgha
Makhleb
Okawaru
Qazlal
Ru
Sif Muna
Uskayaw
Vehumet
Wu Jian
Xom
Yredelemnul
Zin
The Shining One

Shops:
D:2 *   D:8 *

Annotations:
D:6 3 runed translucent doors, qborf's ghost, amateur OgGl; sn0wgr3's ghost, novice MiFi


Innate Abilities, Weirdness & Mutations

Your life essence is reduced to manifest your ancestor. (-10% HP)
You regenerate a little health from kills.
Your movements are slightly less encumbered by armour. (ER -2)
Spells you cast and wands you use may paralyse nearby enemies.
Your touch may inflict minor irresistible damage on your foes.


Message History

You hit the orc zombie.
The orc zombie is severely damaged.
Nozipho hits the orc zombie with a +0 dagger of draining!
The orc zombie is destroyed!
Aiming: Charm
Press: ? - help, Shift-Dir - straight line, f - phantom
Aim: a phantom (chance to affect: 28%)
The phantom easily resists.
Malevolent energies surge around you.
The phantom suddenly stops moving!
The now-empty wand crumbles to dust.
The kobold demonologist casts a spell.
The helpless phantom fails to defend itself.
You perforate the phantom like a sieve!!!
You destroy the phantom!
Nozipho misses the sixfirhy.
Nozipho barely misses the sixfirhy.
Nozipho barely misses the sixfirhy.
The sixfirhy hits you but does no damage.
The sixfirhy hits you! The sixfirhy shocks you. You resist.
The sixfirhy hits you! The sixfirhy shocks you. You resist.
The sixfirhy hits you. The sixfirhy shocks you. You resist.
The kobold brigand throws a poisoned dart.
The poisoned dart closely misses Nozipho.
The poisoned dart hits the sixfirhy!
The sixfirhy is poisoned.
It was a potion of resistance.
You feel protected.
As you read the scroll of teleportation, it crumbles to dust.
You feel strangely unstable.
The sixfirhy hits you but does no damage.
The sixfirhy completely misses you. The sixfirhy hits you.
The sixfirhy shocks you. You resist. The sixfirhy hits you.
* * * LOW HITPOINT WARNING * * *
The sixfirhy shocks you. You resist.
* * * LOW HITPOINT WARNING * * *
The sixfirhy hits you.
* * * LOW HITPOINT WARNING * * *
The sixfirhy shocks you. You resist.
* * * LOW HITPOINT WARNING * * *
The sixfirhy hits you.
You die...

###############
#...........@.#
#####.###########3#
...............##.#
########.........R#
# #.#####.#..# ####
#.# #.#..#
...#####.# #.#..#
.........# #.#..#
##.####### #..ZK#


You could see the friendly Nozipho the hexer and a sixfirhy (summoned, very
poisoned, ally target).

Vanquished Creatures
  A wraith (D:9)
  A vampire (D:9)
  4 yaks (D:8)
  A basilisk (D:6)
  A steam dragon (D:9)
  Menkaure (D:6)
  3 orc warriors
  2 necrophages
  2 sky beasts
  An ogre (D:5)
  4 centaurs
  2 phantoms
  4 bullfrogs
  2 kobold brigands
  3 gnoll sergeants
  A scorpion (D:6)
  A centaur zombie (D:9)
  A bullfrog zombie (D:7)
  2 hounds
  3 jellies (D:7)
  A gnoll shaman (D:4)
  2 orc priests
  2 iguanas (D:5)
  Terence (D:2)
  7 orc wizards
  5 ogre zombies (D:9)
  A hexer (D:9)
  2 hound skeletons (D:4)
  12 gnolls
  12 adders
  2 river rats (Sewer)
  2 white imps
  An ufetubus (D:5)
  5 worms
  3 dart slugs
  20 orcs
  5 ball pythons
  10 endoplasms
  8 giant cockroaches
  12 goblins
  15 hobgoblins
  3 jackals (D:4)
  19 kobolds
  7 quokkas
  7 bats
  2 frilled lizards
  3 goblin zombies (D:9)
  A hobgoblin skeleton (D:9)
  2 orc skeletons (D:9)
  8 orc zombies (D:9)
  14 rats
234 creatures vanquished.

Vanquished Creatures (collateral kills)
  A wraith (D:9)
  A water moccasin (D:9)
  A hornet zombie (D:8)
  A wyvern zombie (D:8)
  An orc priest (D:9)
  An orc wizard (D:9)
  An ogre zombie (D:9)
  A howler monkey zombie (D:9)
  3 gnolls (D:8)
  An orc (D:8)
  A hobgoblin skeleton (D:9)
  A kobold (D:9)
  4 orc zombies (D:9)
18 creatures vanquished.

Vanquished Creatures (others)
  A phantom (D:9)
  2 hexers (D:9)
  2 ancestors (D:8)
  A fungus (D:1)
  A plant (D:1)
7 creatures vanquished.

Grand Total: 259 creatures vanquished

Notes
Turn   | Place    | Note
-------+----------+-------------------------------------------
     0 | D:1      | kipponium the Demonspawn Brigand began the quest for the
                  | Orb.
     0 | D:1      | Reached XP level 1. HP: 16/16 MP: 1/1
   261 | D:1      | Gained mutation: Spells you cast may paralyse adjacent
                  | enemies. [demonic ancestry]
   261 | D:1      | Reached XP level 2. HP: 15/22 MP: 2/2
   364 | D:1      | Found a faded altar of an unknown god.
  1004 | D:1      | Reached XP level 3. HP: 27/27 MP: 3/3
  2595 | D:2      | Found Ruustim's General Store.
  2644 | D:2      | Noticed Terence
  2669 | D:2      | Killed Terence
  2670 | D:2      | Gained mutation: Your movements are slightly less
                  | encumbered by armour. (ER -2) [demonic ancestry]
  2670 | D:2      | Reached XP level 4. HP: 21/33 MP: 4/4
  2838 | D:2      | Learned a level 3 spell: Vampiric Draining
  4107 | D:4      | Noticed a necrophage
  4385 | D:4      | Reached skill level 1 in Necromancy
  4410 | D:4      | Found a glowing drain.
  4513 | Sewer    | Entered a sewer
  4690 | Sewer    | Gained mutation: You regenerate a little health from kills.
                  | [demonic ancestry]
  4690 | Sewer    | Reached XP level 5. HP: 35/38 MP: 6/6
  4821 | Sewer    | Reached skill level 1 in Spellcasting
  5738 | Sewer    | Gained mutation: Spells you cast may paralyse nearby
                  | enemies. [demonic ancestry]
  5738 | Sewer    | Reached XP level 6. HP: 44/44 MP: 9/9
  6893 | D:4      | Reached skill level 5 in Necromancy
  6895 | D:4      | Gained mutation: Spells you cast and wands you use may
                  | paralyse nearby enemies. [demonic ancestry]
  6895 | D:4      | Reached XP level 7. HP: 43/50 MP: 11/11
  7288 | D:5      | Entered Level 5 of the Dungeon
  7577 | D:5      | Found a burning altar of Makhleb.
  7577 | D:5      | Noticed a green death
  7581 | D:5      | Noticed a hellwing
  7581 | D:5      | Noticed a neqoxec
  7713 | D:5      | Found a staircase to the Ecumenical Temple.
  7758 | Temple   | Entered the Ecumenical Temple
  7879 | Temple   | Became a worshipper of Hepliaklqana the Forgotten
  8805 | D:6      | Found a runed translucent gate.
  8805 | D:6      | Found a runed translucent gate.
  8805 | D:6      | Found a runed translucent gate.
  8805 | D:6      | Noticed sn0wgr3's ghost (novice MiFi)
  8806 | D:6      | Noticed qborf's ghost (amateur OgGl)
  8852 | D:6      | Reached XP level 8. HP: 56/56 MP: 12/12
  8935 | D:6      | Reached * piety under Hepliaklqana
  9097 | D:6      | Noticed Menkaure
  9116 | D:6      | Killed Menkaure
  9323 | D:7      | Reached skill level 10 in Necromancy
  9596 | D:7      | Reached skill level 5 in Short Blades
 10483 | D:8      | Reached XP level 9. HP: 44/54 MP: 13/13
 10723 | D:8      | Found Nyiwkuda's Elemental Accessories.
 11427 | D:8      | Reached ** piety under Hepliaklqana
 11428 | D:8      | Remembered your ancestor Nozipho as a hexer
 11495 | D:9      | Identified the +1 leather armour "Apoah" {rElec rC+}
 11558 | D:9      | Found a staircase to the Orcish Mines.
 11591 | D:9      | Noticed a kobold demonologist
 11593 | D:9      | Noticed a hellwing
 11594 | D:9      | Noticed an orange demon
 11675 | D:9      | Reached skill level 1 in Dodging
 12062 | D:9      | Gained mutation: Your touch may inflict minor irresistible
                  | damage on your foes. [demonic ancestry]
 12062 | D:9      | Reached XP level 10. HP: 24/60 MP: 14/14
 12287 | D:9      | Reached skill level 10 in Short Blades
 12899 | D:9      | Noticed a sixfirhy
 12909 | D:9      | Slain by a sixfirhy

Illustrated notes

Levels and vault maps discovered:
D:1:      saegor_arrival_simple_a, layout_basic, shapermc_ecumenical_altar_gd
D:2:      cheibrodos_greedy_goblins, layout_basic, serial_shops, shop,
          chequers_arboretum, uniq_terence
D:3:      layout_basic
D:4:      layout_gridville, gup_sewer_entry_pipe, ebering_dispersal_statue_hall
D:5:      layout_basic, makhleb_altar_promises_db, temple_fountains
D:6:      layout_rooms, gammafunk_ghost_cemetery, uniq_menkaure
D:7:      layout_basic
D:8:      layout_basic, nicolae_elemental_shop
D:9:      layout_loops_ring, zombieorc2_lemuel
Temple:   hc_temple_tempest_star

Skill      XL: |  1  2  3  4  5  6  7  8  9 10 |
---------------+-------------------------------+-----
Short Blades   | 2 3 4 6 9 10 | 10.0
Necromancy     | 1 3 5 8 10 | 10.0
Spellcasting   | 2 3 |  3.0
Dodging        | 1 2 |  2.3
Fighting       | 3 |  3.5
Throwing       | |  1.7
Stealth        | |  3.6

Action                   |  1- 3 |  4- 6 |  7- 9 | 10-12 || total
-------------------------+-------+-------+-------+-------++-------
Melee: Dagger            |   164 |   212 |   198 |    90 ||   664
       Staff             |       |       |    24 |       ||    24
       Touch             |       |       |       |    15 ||    15
Throw: Dart              |    21 |    37 |    13 |       ||    71
       Javelin           |       |     7 |     3 |       ||    10
 Cast: Vampiric Draining |       |    11 |    63 |    11 ||    85
Invok: Ancestor Identity |       |       |     1 |       ||     1
       Ancestor Life: He |       |       |     1 |       ||     1
Evoke: Wand              |       |    14 |     5 |     3 ||    22
  Use: Scroll            |       |     8 |       |     1 ||     9
       Potion            |       |     1 |     1 |     1 ||     3
 Stab: Sleeping          |    15 |     3 |     7 |       ||    25
       Paralysed         |       |     4 |    31 |     9 ||    44
       Distracted        |       |       |     1 |     1 ||     2
       Betrayed ally     |       |       |     1 |       ||     1
Armor: Robe              |    32 |    49 |    26 |       ||   107
       Leather armour    |       |       |     4 |    17 ||    21
Dodge: Dodged            |    75 |   100 |    90 |    23 ||   288

Table legend: (Time is in decaauts)
 A = Elapsed time spent in this place.
 B = Non-inter-level travel time spent in this place.
 C = Inter-level travel time spent in this place.
 D = Time resting spent in this place.
 E = Time spent auto-exploring this place.
 F = Levels seen in this place.
 G = Mean time per level.
                   A        B        C        D        E       F      G
               +--------+--------+--------+--------+--------+-----+--------+
         Total |  12948 |  12575 |    373 |   4679 |   4412 |  11 | 1177.1 |
       Dungeon |  10996 |  10623 |    373 |   3804 |   4399 |   9 | 1221.8 |
        Temple |    131 |    131 |      0 |      0 |      0 |   1 |  131.0 |
         Sewer |   1820 |   1820 |      0 |    875 |     12 |   1 | 1820.0 |
               +--------+--------+--------+--------+--------+-----+--------+

Top non-repeatable levels by time:
     D:2: 1958 daAuts
   Sewer: 1820 daAuts
     D:4: 1420 daAuts
     D:9: 1375 daAuts
     D:1: 1264 daAuts
     D:5: 1174 daAuts
     D:7: 1138 daAuts
     D:8: 1007 daAuts
     D:3: 962 daAuts
     D:6: 695 daAuts
  Temple: 131 daAuts
